[ PARTIDA AOE2 · #506523550 ]
UnrankedGodos vs Huns
Equipo del jugador · DERR
Equipo rival · VICT
[ ANÁLISIS DE REPETICIÓN · EXTRAÍDO DE LA PARTIDA GRABADA ]
Feudal
13:41
Castillos
17:22
Imperial
—
| APM promedio | 44.8 |
| APM pico | 82 |
| eAPM promedio | 18.1 |
| Aldeanos / militares | 70 / 30 |
Foco
⚔️ 19.9% · 🌾 80.1%
Knight ×12 · Scorpion ×8 · Militia ×7 · Monk ×2 · Scout Cavalry ×1
Feudal
14:43
Castillos
20:11
Imperial
—
| APM promedio | 52.0 |
| APM pico | 76 |
| eAPM promedio | 22.7 |
| Aldeanos / militares | 62 / 39 |
Foco
⚔️ 36.3% · 🌾 63.7%
Cavalry Archer ×18 · Archer ×10 · Spearman ×7 · Knight ×2 · Militia ×2
Mapa de la partida
Recursos iniciales + cada clic de construcción. Líneas = muros · curvas = relieve. ◆ oro · ⬟ piedra · ● bayas · ✦ reliquia · ◌ hueco del cierre
Tu base· Abierta — flanco sin cerrar
Base de zankoku sekai no akuma· Abierta — flanco sin cerrar
Terreno inicial suavizado · ◌ = hueco del cierre detectado · pasá el cursor para detalles
Inputs por minuto
— Honeybadger - - zankoku sekai no akuma
Build order — Honeybadger
Primeras 150 de 164 acciones detectadas
| 0:01 | Crear | Villager (Male) |
| 0:01 | Crear | Villager (Male) |
| 0:01 | Crear | Villager (Male) |
| 0:02 | Construir | House |
| 0:03 | Construir | House |
| 0:21 | Crear | Villager (Male) |
| 0:21 | Crear | Villager (Male) |
| 1:02 | Construir | Barracks |
| 1:52 | Crear | Villager (Male) |
| 1:52 | Crear | Villager (Male) |
| 2:36 | Crear | Militia |
| 2:39 | Crear | Villager (Male) |
| 3:10 | Crear | Villager (Male) |
| 3:10 | Crear | Villager (Male) |
| 3:17 | Crear | Militia |
| 3:57 | Crear | Villager (Male) |
| 3:57 | Crear | Militia |
| 4:04 | Construir | House |
| 4:19 | Crear | Villager (Male) |
| 4:31 | Crear | Villager (Male) |
| 4:53 | Crear | Villager (Male) |
| 4:58 | Construir | House |
| 5:01 | Crear | Militia |
| 5:30 | Crear | Villager (Male) |
| 5:48 | Crear | Militia |
| 5:53 | Crear | Villager (Male) |
| 6:02 | Construir | House |
| 6:09 | Crear | Militia |
| 6:41 | Crear | Villager (Male) |
| 6:41 | Crear | Villager (Male) |
| 7:03 | Construir | Lumber Camp |
| 7:21 | Crear | Villager (Male) |
| 7:40 | Crear | Militia |
| 7:40 | Crear | Villager (Male) |
| 7:58 | Crear | Villager (Male) |
| 8:38 | Construir | Mill |
| 8:43 | Crear | Villager (Male) |
| 9:06 | Crear | Villager (Male) |
| 9:58 | Crear | Villager (Male) |
| 10:19 | Investigar | Loom |
| 10:20 | Construir | Mining Camp |
| 10:30 | Crear | Villager (Male) |
| 11:00 | Crear | Villager (Male) |
| 11:31 | Investigar | Feudal Age |
| 13:27 | Crear | Villager (Male) |
| 13:27 | Crear | Villager (Male) |
| 13:31 | Construir | Farm |
| 13:32 | Construir | Farm |
| 13:41 | Construir | Farm |
| 13:41 | Edad | Edad Feudal |
| 13:43 | Construir | Stable |
| 13:49 | Construir | Farm |
| 14:32 | Construir | Farm |
| 14:33 | Construir | Farm |
| 14:42 | Investigar | Castle Age |
| 14:42 | Investigar | Castle Age |
| 15:04 | Construir | Blacksmith |
| 15:24 | Crear | Scout Cavalry |
| 15:50 | Construir | Farm |
| 16:06 | Investigar | Double-Bit Axe |
| 16:45 | Investigar | Scale Barding Armor |
| 16:48 | Construir | Farm |
| 16:49 | Construir | Farm |
| 17:22 | Edad | Edad de los Castillos |
| 17:23 | Crear | Knight |
| 17:24 | Construir | Town Center |
| 17:28 | Construir | House |
| 17:42 | Crear | Villager (Male) |
| 17:59 | Crear | Knight |
| 18:00 | Crear | Villager (Male) |
| 18:17 | Crear | Villager (Male) |
| 18:17 | Crear | Villager (Male) |
| 18:19 | Construir | Farm |
| 18:39 | Crear | Villager (Male) |
| 18:39 | Crear | Villager (Male) |
| 18:55 | Crear | Knight |
| 19:08 | Crear | Villager (Male) |
| 19:08 | Crear | Villager (Male) |
| 19:23 | Crear | Villager (Male) |
| 19:23 | Crear | Villager (Male) |
| 19:28 | Construir | Siege Workshop |
| 19:29 | Crear | Villager (Male) |
| 19:30 | Crear | Villager (Male) |
| 19:32 | Construir | Farm |
| 19:33 | Construir | Farm |
| 19:54 | Crear | Villager (Male) |
| 19:58 | Construir | House |
| 19:59 | Construir | House |
| 20:00 | Construir | House |
| 20:07 | Crear | Villager (Male) |
| 20:08 | Crear | Villager (Male) |
| 20:15 | Construir | Farm |
| 20:17 | Construir | Farm |
| 20:18 | Crear | Scorpion |
| 20:37 | Crear | Villager (Male) |
| 20:38 | Crear | Villager (Male) |
| 20:41 | Crear | Knight |
| 20:41 | Crear | Knight |
| 20:43 | Crear | Scorpion |
| 20:47 | Construir | Farm |
| 21:25 | Crear | Villager (Male) |
| 21:25 | Crear | Villager (Male) |
| 21:25 | Crear | Villager (Male) |
| 21:29 | Crear | Scorpion |
| 21:37 | Crear | Villager (Male) |
| 21:37 | Crear | Villager (Male) |
| 21:46 | Construir | University |
| 22:04 | Crear | Scorpion |
| 22:05 | Crear | Villager (Male) |
| 22:06 | Crear | Villager (Male) |
| 22:08 | Construir | Farm |
| 22:40 | Crear | Scorpion |
| 22:40 | Crear | Scorpion |
| 22:46 | Crear | Knight |
| 22:57 | Crear | Villager (Male) |
| 22:57 | Crear | Villager (Male) |
| 23:09 | Construir | Lumber Camp |
| 23:21 | Crear | Villager (Male) |
| 23:21 | Crear | Villager (Male) |
| 23:24 | Construir | Monastery |
| 23:37 | Crear | Knight |
| 23:53 | Construir | Outpost |
| 23:55 | Investigar | Town Watch |
| 23:55 | Investigar | Town Watch |
| 24:14 | Construir | Farm |
| 24:15 | Crear | Monk |
| 24:17 | Construir | Farm |
| 24:22 | Construir | House |
| 24:36 | Construir | Farm |
| 24:38 | Crear | Villager (Male) |
| 24:38 | Crear | Villager (Male) |
| 24:43 | Construir | House |
| 24:44 | Construir | House |
| 24:44 | Construir | House |
| 24:48 | Construir | House |
| 25:07 | Crear | Monk |
| 25:08 | Crear | Knight |
| 25:08 | Crear | Knight |
| 25:18 | Crear | Villager (Male) |
| 25:18 | Crear | Villager (Male) |
| 25:40 | Crear | Villager (Male) |
| 25:40 | Crear | Villager (Male) |
| 26:05 | Crear | Scorpion |
| 26:08 | Investigar | Ballistics |
| 26:09 | Investigar | Ballistics |
| 26:18 | Crear | Villager (Male) |
| 26:18 | Crear | Villager (Male) |
| 26:31 | Crear | Scorpion |
| 26:35 | Crear | Villager (Male) |
| 26:35 | Crear | Villager (Male) |
Build order — zankoku sekai no akuma
Primeras 150 de 186 acciones detectadas
| 0:00 | Crear | Villager (Male) |
| 0:08 | Crear | Villager (Male) |
| 0:08 | Crear | Villager (Male) |
| 0:15 | Crear | Villager (Male) |
| 1:24 | Crear | Villager (Male) |
| 1:54 | Construir | Lumber Camp |
| 2:14 | Crear | Villager (Male) |
| 2:17 | Crear | Villager (Male) |
| 2:53 | Crear | Villager (Male) |
| 3:20 | Crear | Villager (Male) |
| 3:50 | Crear | Villager (Male) |
| 4:08 | Crear | Villager (Male) |
| 4:35 | Crear | Villager (Male) |
| 4:41 | Construir | Palisade Wall |
| 4:42 | Construir | Palisade Wall |
| 4:50 | Crear | Villager (Male) |
| 5:22 | Construir | Barracks |
| 5:29 | Crear | Villager (Male) |
| 5:31 | Investigar | Loom |
| 5:37 | Crear | Villager (Male) |
| 5:41 | Investigar | Loom |
| 6:11 | Construir | Palisade Wall |
| 6:13 | Construir | Palisade Wall |
| 6:17 | Crear | Militia |
| 6:18 | Crear | Militia |
| 6:27 | Crear | Villager (Male) |
| 6:50 | Crear | Villager (Male) |
| 7:20 | Crear | Villager (Male) |
| 7:34 | Construir | Mill |
| 7:43 | Crear | Villager (Male) |
| 8:01 | Crear | Villager (Male) |
| 8:22 | Construir | Palisade Gate |
| 8:29 | Crear | Villager (Male) |
| 8:45 | Construir | Palisade Gate |
| 9:01 | Crear | Villager (Male) |
| 9:04 | Crear | Villager (Male) |
| 9:17 | Crear | Villager (Male) |
| 9:49 | Crear | Villager (Male) |
| 9:53 | Construir | Mill |
| 9:57 | Crear | Villager (Male) |
| 10:47 | Construir | Farm |
| 11:01 | Construir | Palisade Wall |
| 11:06 | Crear | Villager (Male) |
| 11:09 | Construir | Farm |
| 11:10 | Construir | Farm |
| 11:13 | Construir | Palisade Wall |
| 11:17 | Construir | Palisade Wall |
| 11:24 | Crear | Villager (Male) |
| 11:32 | Construir | Farm |
| 11:34 | Construir | Farm |
| 11:52 | Crear | Villager (Male) |
| 12:00 | Construir | Farm |
| 12:14 | Construir | Farm |
| 12:33 | Investigar | Feudal Age |
| 12:35 | Construir | Mining Camp |
| 13:29 | Crear | Villager (Male) |
| 13:38 | Crear | Villager (Male) |
| 14:23 | Crear | Villager (Male) |
| 14:43 | Edad | Edad Feudal |
| 14:45 | Construir | Archery Range |
| 14:46 | Construir | Archery Range |
| 14:48 | Construir | Blacksmith |
| 14:51 | Investigar | Double-Bit Axe |
| 15:16 | Crear | Villager (Male) |
| 15:39 | Crear | Archer |
| 15:40 | Crear | Archer |
| 15:41 | Crear | Archer |
| 15:42 | Crear | Archer |
| 15:43 | Construir | Farm |
| 16:04 | Construir | Farm |
| 16:14 | Crear | Villager (Male) |
| 16:26 | Crear | Archer |
| 16:26 | Crear | Archer |
| 16:27 | Crear | Villager (Male) |
| 16:28 | Construir | Farm |
| 16:30 | Construir | Farm |
| 16:42 | Crear | Spearman |
| 16:57 | Construir | Farm |
| 17:09 | Crear | Villager (Male) |
| 17:22 | Construir | Farm |
| 17:31 | Investigar | Castle Age |
| 17:34 | Crear | Archer |
| 17:44 | Construir | Palisade Wall |
| 17:46 | Construir | Palisade Wall |
| 17:50 | Construir | Palisade Wall |
| 17:52 | Construir | Palisade Wall |
| 17:57 | Construir | Palisade Wall |
| 17:58 | Construir | Palisade Wall |
| 18:01 | Construir | Palisade Wall |
| 18:02 | Construir | Palisade Wall |
| 18:09 | Construir | Lumber Camp |
| 18:11 | Crear | Spearman |
| 18:13 | Construir | Palisade Wall |
| 18:14 | Construir | Palisade Wall |
| 18:15 | Construir | Palisade Wall |
| 18:18 | Crear | Archer |
| 18:20 | Crear | Archer |
| 18:32 | Crear | Spearman |
| 18:34 | Crear | Spearman |
| 18:36 | Crear | Archer |
| 18:58 | Construir | Palisade Wall |
| 18:59 | Construir | Palisade Wall |
| 19:02 | Construir | Palisade Wall |
| 19:05 | Investigar | Fletching |
| 19:08 | Crear | Spearman |
| 19:13 | Construir | Palisade Wall |
| 19:25 | Crear | Spearman |
| 19:29 | Construir | Palisade Wall |
| 19:30 | Construir | Palisade Wall |
| 19:37 | Crear | Spearman |
| 19:59 | Crear | Villager (Male) |
| 20:11 | Edad | Edad de los Castillos |
| 20:13 | Investigar | Bodkin Arrow |
| 20:24 | Construir | Palisade Wall |
| 20:35 | Investigar | Crossbowman (upgrade) |
| 20:35 | Investigar | Crossbowman (upgrade) |
| 20:46 | Construir | Palisade Wall |
| 20:51 | Crear | Villager (Male) |
| 20:54 | Crear | Cavalry Archer |
| 20:54 | Crear | Cavalry Archer |
| 21:22 | Construir | Farm |
| 21:23 | Crear | Cavalry Archer |
| 21:23 | Crear | Cavalry Archer |
| 21:26 | Crear | Villager (Male) |
| 21:45 | Crear | Villager (Male) |
| 21:50 | Crear | Villager (Male) |
| 22:02 | Crear | Villager (Male) |
| 22:09 | Construir | Palisade Wall |
| 22:18 | Construir | Siege Workshop |
| 22:26 | Crear | Villager (Male) |
| 22:36 | Crear | Villager (Male) |
| 22:40 | Construir | University |
| 23:08 | Construir | Farm |
| 23:08 | Construir | Farm |
| 23:18 | Construir | Farm |
| 23:34 | Crear | Villager (Male) |
| 23:38 | Crear | Cavalry Archer |
| 23:39 | Crear | Cavalry Archer |
| 24:14 | Crear | Villager (Male) |
| 24:24 | Investigar | Ballistics |
| 24:24 | Investigar | Ballistics |
| 24:28 | Crear | Villager (Male) |
| 24:33 | Crear | Villager (Male) |
| 24:42 | Crear | Villager (Male) |
| 24:44 | Crear | Cavalry Archer |
| 24:44 | Crear | Cavalry Archer |
| 24:46 | Crear | Villager (Male) |
| 24:54 | Construir | Farm |
| 25:08 | Construir | Stable |
| 25:14 | Crear | Villager (Male) |
Cronología de la partida
| 0:08 | Honeybadger · first_market_sell 100 stone |
| 0:39 | Honeybadger · first_market_buy 100 food |
| 1:02 | Honeybadger · first_building Barracks |
| 4:41 | zankoku sekai no akuma · wall_segment Palisade Wall x1 |
| 4:42 | zankoku sekai no akuma · wall_segment Palisade Wall x5 |
| 5:22 | zankoku sekai no akuma · first_building Barracks |
| 6:11 | zankoku sekai no akuma · wall_segment Palisade Wall x1 |
| 6:13 | zankoku sekai no akuma · wall_segment Palisade Wall x1 |
| 11:01 | zankoku sekai no akuma · wall_segment Palisade Wall x1 |
| 11:13 | zankoku sekai no akuma · wall_segment Palisade Wall x1 |
| 11:17 | zankoku sekai no akuma · wall_segment Palisade Wall x1 |
| 11:49 | zankoku sekai no akuma · first_market_sell 100 stone |
| 11:50 | zankoku sekai no akuma · first_market_buy 100 food |
| 13:41 | Honeybadger · age_up feudal |
| 13:43 | Honeybadger · first_building Stable |
| 14:43 | zankoku sekai no akuma · age_up feudal |
| 14:45 | zankoku sekai no akuma · first_building Archery Range |
| 17:22 | Honeybadger · age_up castle |
| 17:44 | zankoku sekai no akuma · wall_segment Palisade Wall x2 |
| 17:46 | zankoku sekai no akuma · wall_segment Palisade Wall x1 |
| 17:50 | zankoku sekai no akuma · wall_segment Palisade Wall x4 |
| 17:52 | zankoku sekai no akuma · wall_segment Palisade Wall x3 |
| 17:57 | zankoku sekai no akuma · wall_segment Palisade Wall x4 |
| 17:58 | zankoku sekai no akuma · wall_segment Palisade Wall x1 |
| 18:01 | zankoku sekai no akuma · wall_segment Palisade Wall x4 |
| 18:02 | zankoku sekai no akuma · wall_segment Palisade Wall x1 |
| 18:13 | zankoku sekai no akuma · wall_segment Palisade Wall x1 |
| 18:14 | zankoku sekai no akuma · wall_segment Palisade Wall x1 |
| 18:15 | zankoku sekai no akuma · wall_segment Palisade Wall x1 |
| 18:58 | zankoku sekai no akuma · wall_segment Palisade Wall x3 |
| 18:59 | zankoku sekai no akuma · wall_segment Palisade Wall x1 |
| 19:02 | zankoku sekai no akuma · wall_segment Palisade Wall x4 |
| 19:13 | zankoku sekai no akuma · wall_segment Palisade Wall x3 |
| 19:28 | Honeybadger · first_building Siege Workshop |
| 19:29 | zankoku sekai no akuma · wall_segment Palisade Wall x1 |
| 19:30 | zankoku sekai no akuma · wall_segment Palisade Wall x1 |
| 20:11 | zankoku sekai no akuma · age_up castle |
| 20:24 | zankoku sekai no akuma · wall_segment Palisade Wall x2 |
| 20:46 | zankoku sekai no akuma · wall_segment Palisade Wall x1 |
| 22:09 | zankoku sekai no akuma · wall_segment Palisade Wall x1 |
| 22:18 | zankoku sekai no akuma · first_building Siege Workshop |
| 23:24 | Honeybadger · first_building Monastery |
| 25:08 | zankoku sekai no akuma · first_building Stable |
| 27:06 | Honeybadger · first_building Castle |
| 29:13 | Honeybadger · resign |
[ ANÁLISIS IA · 1 CRÉDITO ]
¿Qué pasó realmente en esta partida?
Wolo.gg analiza cada decisión: build order, eco, micro, errores típicos por bracket. Análisis personalizado por WhatsApp o Discord en 30 segundos.
Guía civ
Godos
Perfil
Jugador #555887